 Dungeon Crawl Stone Soup version 0.27.0-1-g7a089689b8 (webtiles) character file.

Game seed: 9643961970546293575

6181 horus123 the Thaumaturge (level 10, -1/51 HPs)
             Began as a Deep Elf Conjurer on Aug 4, 2021.
             Was a Follower of Sif Muna.
             Slain by a red ugly thing (6 damage)
             ... on level 9 of the Dungeon.
             The game lasted 00:58:51 (10977 turns).

horus123 the Thaumaturge (Deep Elf Conjurer)       Turns: 10977, Time: 00:58:51

Health: -1/51      AC:  5    Str:  4    XL:     10   Next: 60%
Magic:  4/28       EV: 14    Int: 27    God:    Sif Muna [*.....]
Gold:   333        SH:  0    Dex: 19    Spells: 7/33 levels left

rFire    + + .     SeeInvis .   E - staff of fire
rCold    x . .     Faith    .   (no shield)
rNeg     . . .     Spirit   .   D - +1 robe of Otwiogu {rF+ rC- Dex+6 Stlth+}
rPois    .         Reflect  .   (no helmet)
rElec    .         Harm     .   u - +1 cloak
rCorr    .         Rampage  .   (no gloves)
Will     +....                  (no boots)
Stlth    ++++......             (no amulet)
HPRegen  0.17/turn              q - ring of wizardry
MPRegen  0.21/turn              (no ring)

@: no status effects
A: no striking features
a: Renounce Religion, Channel Magic


You were on level 9 of the Dungeon.
You worshipped Sif Muna.
Sif Muna was aware of your devotion.
You visited 1 branch of the dungeon, and saw 9 of its levels.

You collected 422 gold pieces.
You spent 89 gold pieces at shops.

Inventory:

Hand Weapons
 n - a +3 dagger of venom
Missiles
 l - 4 throwing nets
Armour
 a - a +1 robe
 u - a +1 cloak (worn)
 C - +0 steam dragon scales
 D - the +1 robe of Otwiogu (worn) {rF+ rC- Dex+6 Stlth+}
   (You found it on level 7 of the Dungeon)

   Dex:       It affects your dexterity (+6).
   rF:        It protects you from fire.
   rC:        It makes you vulnerable to cold.
   Stlth:     It makes you more stealthy.
Magical Staves
 t - a staff of cold
 E - a staff of fire (weapon)
Jewellery
 q - a ring of wizardry (left hand)
 y - a ring of protection from cold
 F - a ring of positive energy
Wands
 o - a wand of charming (10)
 r - a wand of acid (16)
 s - a wand of mindburst (19)
Scrolls
 f - 2 scrolls of amnesia
 j - a scroll of fear {unknown}
 m - 6 scrolls of teleportation
 w - a scroll of brand weapon {unknown}
 B - 2 scrolls of noise
Potions
 b - 3 potions of ambrosia
 c - a potion of lignification
 d - 5 potions of curing
 e - a potion of might
 g - a potion of magic {unknown}
 h - a potion of haste
 i - 2 potions of invisibility
 k - 2 potions of flight
 p - a potion of mutation {unknown}
 v - 2 potions of attraction {unknown}
 x - 2 potions of heal wounds
 z - a potion of degeneration {unknown}
 A - a potion of brilliance {unknown}


   Skills:
 + Level 0.6 Fighting
 + Level 4.3 Dodging
 + Level 5.9 Stealth
 + Level 12.1 Spellcasting
 + Level 9.4 Conjurations
 + Level 7.9 Hexes
 + Level 2.9 Summonings
 + Level 5.1 Fire Magic
 + Level 3.7 Earth Magic
 + Level 2.1 Invocations
 + Level 0.2 Evocations


You had 7 spell levels left.
You knew the following spells:

 Your Spells              Type           Power      Damage    Failure   Level
a - Magic Dart            Conj           100%       1d8       1%          1
b - Searing Ray           Conj           100%       3d7       1%          2
c - Slow                  Hex            56%        N/A       1%          2
d - Foxfire               Conj/Fire      100%       2x1d9     1%          1
e - Fulminant Prism       Conj/Hex       29%        3d14      1%          4
f - Tukima's Dance        Hex            56%        N/A       1%          3
g - Bolt of Magma         Conj/Fire/Erth 32%        4d14      3%          5
h - Summon Mana Viper     Hex/Summ       45%        N/A       4%          5
i - Inner Flame           Hex/Fire       67%        N/A       1%          3

Your spell library contained the following spells:

 Spells                   Type           Power      Damage    Failure   Level
 Apportation              Tloc           32%        N/A       1%          1
 Confusing Touch          Hex            56%        N/A       1%          3
 Conjure Flame            Conj/Fire      70%        6-21      1%          3
 Dazzling Flash           Conj/Hex       100%       N/A       1%          3
 Cause Fear               Hex            28%        N/A       1%          4
 Iskenderun's Mystic Bla  Conj/Tloc      41%        2d9       1%          4
 Sublimation of Blood     Necr           8%         N/A       2%          2
 Wereblood                Tmut           16%        N/A       2%          2
 Vampiric Draining        Necr           8%         2d7       4%          3
 Invisibility             Hex            28%        N/A       9%          6
 Alistair's Intoxication  Tmut/Pois      10%        N/A       34%         5
 Summon Hydra             Summ           16%        N/A       96%         7


Dungeon Overview and Level Annotations

Branches:
Dungeon (9/15)             Temple (0/1) D:6
   Lair: D:8-11         Orc: D:9-12

Altars:
Cheibriados
Dithmenos
Fedhas
Hepliaklqana
Sif Muna
Uskayaw

Shops:
D:5 (=:*!   D:6 :[:?


Message History

Press: ? - help, Shift-Dir - straight line, f/p - red ugly thing
Aim: a red ugly thing (moderately wounded, 71% to hit)
You feel a surge of power!
The bolt of magma hits the red ugly thing!
The red ugly thing partially resists.
The red ugly thing is heavily wounded.
The red ugly thing misses you.
Casting: Bolt of Magma (dangerous; 3% risk of failure)
Confirm with . or Enter, or press ? or * to list all spells.
Aiming: Bolt of Magma (dangerous; 3% risk of failure)
Press: ? - help, Shift-Dir - straight line, f/p - red ugly thing
Aim: a red ugly thing (heavily wounded, 71% to hit)
You feel a surge of power!
The bolt of magma misses the red ugly thing.
The blink frog blinks!
The red ugly thing pecks you.
You are engulfed in flames.
You resist. The blink frog hits you!
Casting: Bolt of Magma (dangerous; 3% risk of failure)
Confirm with . or Enter, or press ? or * to list all spells.
Aiming: Bolt of Magma (dangerous; 3% risk of failure)
Press: ? - help, Shift-Dir - straight line, f/p - red ugly thing
Aim: a red ugly thing (heavily wounded, 71% to hit)
You feel a surge of power!
The bolt of magma hits the red ugly thing!!
The red ugly thing partially resists.
The red ugly thing is almost dead.
The red ugly thing pecks you.
You are engulfed in flames!
You resist.
* * * LOW HITPOINT WARNING * * *
The blink frog closely misses you.
The slime creature jiggles.
Casting: Bolt of Magma (dangerous; 3% risk of failure)
Confirm with . or Enter, or press ? or * to list all spells.
Aiming: Bolt of Magma (dangerous; 3% risk of failure)
Press: ? - help, Shift-Dir - straight line, f/p - red ugly thing
Aim: a red ugly thing (almost dead, 71% to hit)
You feel a surge of power!
The bolt of magma misses the red ugly thing.
The blink frog hits you!
* * * LOW HITPOINT WARNING * * *
The blink frog blinks!
The red ugly thing pecks you.
You die...

...###..#.........# ###....#....
.###....#.#######..# ###.......
##......#.# .. ###.....
....#...#.# .. ####... ...# #..#.#
.# #...##. .....#....# B#
#..###... ##........# J# ####.....
.###......#######u# ###.......
...###..#.......@.# ###.........
..)..#########..ยง#####...........
.......##...F.....##.............
.....)..#########.#..............
........## ##..............
.........# #..#############
.........## ##.........
..........# ###..........
..........## .##.......... ###


You could see a boulder beetle, a red ugly thing, a slime creature and a blink
frog.

Vanquished Creatures
  Harold (D:7)
  A two-headed ogre (D:8)
  Pikel (D:4)
  A manticore (D:9)
  Maggie (D:6)
  2 wyverns
  7 yaks
  A steam dragon (D:7)
  An ice beast (D:7)
  3 orc warriors
  A necrophage (D:5)
  An ogre (D:5)
  A black bear (D:5)
  2 sky beasts (D:7)
  A centaur (D:9)
  A phantom (D:4)
  Blork the orc (D:5)
  A kobold brigand (D:9)
  2 bullfrogs
  2 scorpions
  A killer bee (D:9)
  5 wights (D:9)
  3 howler monkeys
  A centaur zombie (D:6)
  A jelly (D:5)
  An orc priest (D:9)
  3 bullfrog skeletons
  Jessica (D:3)
  An iguana (D:5)
  An orc wizard (D:8)
  A killer bee zombie (D:9)
  A hound skeleton (D:4)
  A mummy (D:6)
  7 gnolls
  5 adders
  A shadow imp (D:7)
  3 ufetubi
  4 dart slugs
  A worm (D:2)
  30 orcs
  9 ball pythons
  7 endoplasms
  7 giant cockroaches
  9 goblins
  9 hobgoblins
  6 jackals
  2 quokkas (D:4)
  3 bats
  5 frilled lizards
  2 goblin zombies (D:6)
  10 kobolds
  5 rats
  A spectral kobold (D:1)
179 creatures vanquished.

Vanquished Creatures (collateral kills)
  Prince Ribbit (D:8)
  Edmund (D:6)
  An orc warrior (D:8)
  A bullfrog (D:6)
  6 orcs
10 creatures vanquished.

Vanquished Creatures (others)
  A dancing weapon (D:4)
  64 foxfires
  11 fulminant prisms
76 creatures vanquished.

Grand Total: 265 creatures vanquished

Notes
Turn   | Place    | Note
-------+----------+-------------------------------------------
     0 | D:1      | horus123 the Deep Elf Conjurer began the quest for the Orb.
     0 | D:1      | Reached XP level 1. HP: 10/10 MP: 6/6
   253 | D:1      | Found a faded altar of an unknown god.
   298 | D:1      | Reached XP level 2. HP: 15/15 MP: 2/8
   399 | D:1      | Learned a level 2 spell: Searing Ray
   517 | D:1      | Reached skill level 5 in Conjurations
   520 | D:1      | Learned a level 2 spell: Slow
   808 | D:1      | Reached XP level 3. HP: 19/19 MP: 7/9
  1582 | D:2      | Found a shadowy altar of Dithmenos.
  1666 | D:2      | Got the Handbook of the Fetching Arsonist
  1700 | D:2      | Reached skill level 1 in Hexes
  2175 | D:2      | Learned a level 1 spell: Foxfire
  2338 | D:3      | Reached XP level 4. HP: 24/24 MP: 9/11
  2424 | D:3      | Reached skill level 4 in Spellcasting
  2513 | D:3      | Found a blossoming altar of Fedhas.
  2644 | D:3      | Found a hazy altar of Hepliaklqana.
  2644 | D:3      | Noticed Jessica
  2646 | D:3      | Killed Jessica
  2647 | D:3      | Found a faded altar of an unknown god.
  2854 | D:3      | Reached skill level 5 in Spellcasting
  2947 | D:4      | Noticed Pikel
  2947 | D:4      | Noticed a lemure
  2947 | D:4      | Noticed a lemure
  2947 | D:4      | Noticed a lemure
  3124 | D:4      | Reached XP level 5. HP: 28/28 MP: 11/14
  3217 | D:4      | Noticed a phantom
  3223 | D:4      | Killed a phantom
  3600 | D:4      | Learned a level 4 spell: Fulminant Prism
  3604 | D:4      | Learned a level 3 spell: Tukima's Dance
  3649 | D:4      | Reached skill level 1 in Fire Magic
  3807 | D:4      | Reached skill level 6 in Spellcasting
  3840 | D:4      | Reached XP level 6. HP: 32/32 MP: 14/17
  3935 | D:4      | Killed Pikel
  3936 | D:4      | Reached skill level 7 in Spellcasting
  3936 | D:4      | Reached XP level 7. HP: 5/36 MP: 11/20
  4277 | D:4      | You fall into a shaft and drop 2 floors!
  4504 | D:6      | Found Alluturuit's Armour Shoppe.
  4643 | D:5      | Entered Level 5 of the Dungeon
  4643 | D:5      | Noticed a yak
  4679 | D:5      | Reached skill level 8 in Spellcasting
  4688 | D:5      | Found Byassokk's Jewellery Shop.
  4724 | D:5      | Reached XP level 8. HP: 27/41 MP: 8/22
  4849 | D:5      | Found Gidoymo's General Store.
  4918 | D:5      | Noticed Blork the orc
  4939 | D:5      | Killed Blork the orc
  4947 | D:5      | Found Hymeq's Book Emporium.
  5176 | D:4      | Learned a level 5 spell: Bolt of Magma
  5522 | D:5      | Reached skill level 9 in Spellcasting
  5575 | D:5      | Reached skill level 10 in Spellcasting
  5711 | D:5      | Found a snail-covered altar of Cheibriados.
  5778 | D:5      | Found Desheame's Distillery.
  5801 | D:5      | Bought a potion of heal wounds for 65 gold pieces
  5983 | D:5      | Found Ijah's Weapon Emporium.
  6113 | D:5      | Found a shimmering blue altar of Sif Muna.
  6123 | D:5      | Became a worshipper of Sif Muna the Loreminder
  6158 | D:5      | Reached XP level 9. HP: 46/46 MP: 20/25
  6256 | D:6      | Found Nuyrph's Book Emporium.
  6287 | D:6      | Found Beffip's Magic Scroll Emporium.
  6290 | D:6      | Bought a scroll of identify for 24 gold pieces
  6342 | D:6      | Found Vudoled's Book Shoppe.
  6453 | D:6      | Found a staircase to the Ecumenical Temple.
  6471 | D:6      | Reached skill level 5 in Stealth
  6541 | D:6      | Learned a level 5 spell: Summon Mana Viper
  6970 | D:6      | Noticed Edmund
  6976 | D:6      | Killed Edmund
  7233 | D:6      | Noticed Maggie
  7242 | D:6      | Killed Maggie
  7243 | D:6      | Reached skill level 1 in Earth Magic
  7856 | D:7      | Learned a level 3 spell: Inner Flame
  7885 | D:7      | Reached skill level 5 in Hexes
  7924 | D:7      | Noticed Harold
  7931 | D:7      | Killed Harold
  7932 | D:7      | Reached skill level 11 in Spellcasting
  7932 | D:7      | Reached skill level 1 in Summonings
  8325 | D:7      | Reached XP level 10. HP: 51/51 MP: 18/27
  8423 | D:7      | Identified the +1 robe of Otwiogu {rF+ rC- Dex+6 Stlth+}
  8822 | D:7      | Reached * piety under Sif Muna
  9652 | D:8      | Noticed Prince Ribbit
  9659 | D:8      | Killed Prince Ribbit
  9660 | D:8      | Reached skill level 1 in Invocations
  9663 | D:8      | Noticed a two-headed ogre
  9680 | D:8      | Killed a two-headed ogre
 10292 | D:9      | Found a hide-covered altar of Uskayaw.
 10700 | D:9      | Noticed a manticore
 10705 | D:9      | Killed a manticore
 10706 | D:9      | Reached skill level 12 in Spellcasting
 10891 | D:9      | Reached skill level 5 in Fire Magic
 10972 | D:9      | Noticed a boulder beetle
 10972 | D:9      | Noticed a red ugly thing
 10977 | D:9      | Slain by a red ugly thing

Illustrated notes

Levels and vault maps discovered:
D:1:      erik_arrival_triangle_medium, layout_rooms,
          dreamdust_ecumenical_altar_drowned_temple, item_on_display_a
D:2:      layout_loops_ring, basic_altar
D:3:      layout_rooms, beargit_hepliaklqana_dungeon_heroes, fedhas_altar_2,
          minmay_misc_feat_enclosed, uniq_jessica
D:4:      layout_loops_ring, uniq_pikel
D:5:      layout_cave_pools, nicolae_sif_muna_little_library,
          mainiacjoe_overflow_concentric_impassable, serial_shops,
          nicolae_shop_crystal, shop_fountains, nicolae_stop_n_shop_2, shop,
          nicolae_shop_temple_entry_statues_fountains, chequers_jeans,
          serial_park_tiny_2, hangedman_abyss_or_decor_stabs, uniq_blork_the_orc
D:6:      layout_loops_ring, minmay_temple_entry_drinking_statues,
          serial_co_window_serial, co_window_cross_1, co_window_corner_a,
          co_window_paths_a, co_window_corner_a, co_window_corner_a,
          co_window_paths_a, co_window_paths_a, co_window_broadway_c,
          co_window_of_opportunity_b, co_window_corner_b, co_window_corner_ca,
          co_window_paths_d, co_window_4corner_b, glass_columns_a,
          glass_columns_a, glass_columns_b, glass_columns_a, glass_columns_b,
          nicolae_ossuary_entry_giza, serial_shops, nicolae_shop_statue_plus,
          kennysheep_mini_moat, nicolae_shop_behind_doors,
          nicolae_shop_waterfront, uniq_edmund, uniq_maggie
D:7:      layout_basic, grunt_ministairs_8, uniq_harold
D:8:      layout_rooms, uniq_prince_ribbit1
D:9:      minmay_the_grid_four_pointed_star
          [minmay_the_grid_triangle_9x9_tough_junction,
          minmay_the_grid_triangle_9x9_odd_lines,
          minmay_the_grid_triangle_9x9_zippers_vertical,
          minmay_the_grid_triangle_9x9_pentomino_pain,
          minmay_the_grid_prize_shrinking_boxes], layout_grid_maze,
          mainiacjoe_overflow_alcove_4, marbit_many_paths, lair_entry_dummy

Skill      XL: |  1  2  3  4  5  6  7  8  9 10 |
---------------+-------------------------------+-----
Conjurations   | 5 6 7 8 9 |  9.4
Hexes          | 1 2 3 4 6 7 |  7.9
Spellcasting   | 5 6 7 8 10 11 12 | 12.1
Stealth        | 3 4 5 |  5.9
Fire Magic     | 1 2 3 4 5 |  5.1
Dodging        | 3 4 |  4.3
Earth Magic    | 2 3 |  3.7
Summonings     | 1 2 |  2.9
Invocations    | 2 |  2.1
Fighting       | |  0.6
Evocations     | |  0.2

Action                   |  1- 3 |  4- 6 |  7- 9 | 10-12 || total
-------------------------+-------+-------+-------+-------++-------
Melee: Unarmed           |     1 |       |       |       ||     1
       Dagger            |       |     4 |       |       ||     4
 Cast: Magic Dart        |    83 |    24 |    70 |    55 ||   232
       Slow              |    12 |     2 |     4 |       ||    18
       Searing Ray       |     3 |     7 |    21 |     9 ||    40
       Foxfire           |     7 |    22 |     9 |       ||    38
       Tukima's Dance    |       |     1 |       |       ||     1
       Fulminant Prism   |       |       |     8 |     3 ||    11
       Bolt of Magma     |       |       |    13 |    18 ||    31
       Summon Mana Viper |       |       |     4 |    11 ||    15
       Inner Flame       |       |       |     2 |     4 ||     6
Invok: Channel Magic     |       |       |       |     3 ||     3
Evoke: Wand              |       |       |     1 |     2 ||     3
  Use: Scroll            |       |     5 |     4 |     2 ||    11
       Potion            |       |       |       |     3 ||     3
Armor: Robe              |       |     1 |     4 |     3 ||     8
       Steam dragon scal |       |       |     2 |       ||     2
Dodge: Dodged            |     8 |    19 |    37 |    16 ||    80
